[Event "Titled Tuesday Blitz June 27 Late 2023"]
[White "Shubin, Daniel"]
[Black "Howell, David W L"]
[WhiteFideId "30936470"]
[BlackFideId "410608"]
[WhiteElo "2237"]
[BlackElo "3002"]
[Result "0-1"]
[Round "7"]
[TimeControl "180+2"]
[Date "2023.06.27"]
[WhiteClock "0:00:05"]
[BlackClock "0:00:05"]
[Board "132"]

1. e4 c5 2. Nf3 Nc6 3. d4 cxd4 4. Nxd4 Nf6 5. Nc3 d6 6. Bc4 g6 7. h3 Bg7 8. Be3 O-O 9. O-O Bd7 10. Bb3 Rc8 11. f4 a6 12. Qd3 b5 13. Rad1 Nxd4 14. Bxd4 b4 15. Nd5 Bb5 16. Qe3 Nxd5 17. exd5 Bxf1 18. Bxg7 Kxg7 19. Rxf1 Qd7 20. Qd4+ Kg8 21. Qxb4 Rc5 22. Re1 Rfc8 23. Qb6 a5 24. a4 h5 25. Qa6 Rb8 26. Qe2 Rc7 27. Qd2 Rb4 28. Qd3 Kg7 29. Re4 Qf5 30. Rxb4 Qxd3 31. cxd3 axb4 32. Bc4 Rc5 33. b3 Kf6 34. d4 Ra5 35. Kf2 e6 36. dxe6 fxe6 37. Ke3 Ra7 38. d5 e5 39. Ke4 exf4 40. Kxf4 g5+ 41. Ke4 Re7+ 42. Kf3 Re1 43. a5 Ra1 44. a6 Kf5 45. Ke3 Ke5 46. g4 h4 47. Kf3 Ra5 48. Ke3 Ra3 49. Kf3 Kd4 50. Kf2 Ra1 51. Kf3 Ra2 52. Bd3 Kxd3 0-1


[Site "https://www.chess.com"]

[Event "Titled Tuesday Blitz June 27 Late 2023"]
[White "Toncheva, Nadya"]
[Black "Vila Dupla, Aurelio"]
[WhiteFideId "2924056"]
[BlackFideId "2203383"]
[WhiteElo "2468"]
[BlackElo "2191"]
[Result "1-0"]
[Round "7"]
[TimeControl "180+2"]
[Date "2023.06.27"]
[WhiteClock "0:00:03"]
[BlackClock "0:00:00"]
[Board "133"]

1. d4 Nf6 2. c4 g6 3. Nc3 d5 4. Qb3 dxc4 5. Qxc4 Bg7 6. e4 O-O 7. Bf4 Nc6 8. d5 e5 9. Bg3 Nd4 10. Bd3 Nh5 11. Nge2 c6 12. O-O cxd5 13. Nxd5 Be6 14. Nxd4 exd4 15. Rac1 Nxg3 16. hxg3 Rc8 17. Qb5 b6 18. Rxc8 Bxc8 19. Rc1 Be6 20. Qc6 Qg5 21. Nf4 Bxa2 22. Ra1 Bb3 23. Rxa7 Qc5 24. Qxc5 bxc5 25. Rc7 Rb8 26. Rxc5 Ba2 27. Rb5 Rc8 28. Kh2 Bh6 29. Nd5 Kg7 30. Rb7 Bxd5 31. exd5 Rd8 32. Bc4 d3 33. Bxd3 Rxd5 34. Bc4 Rf5 35. Kg1 Bd2 36. b4 Bc3 37. b5 Bd4 38. Rd7 Bxf2+ 39. Kf1 Bxg3+ 40. Ke2 Rf2+ 41. Ke3 Rf6 42. Kd4 Bf2+ 43. Kd5 h5 44. Be2 h4 45. Bg4 Kh6 46. Ke5 Kg5 47. Bf3 Bg3+ 48. Ke4 Bb8 49. Rd5+ Kh6 50. Kd3 Bg3 51. Bg4 Bf4 52. Kc4 Bg3 53. Rd8 Bf4 54. Rh8+ Kg5 55. Bh3 Bg3 56. Re8 Rf4+ 57. Kc5 Rf6 58. Re2 Bf4 59. b6 Bb8 60. b7 1-0


[Site "https://www.chess.com"]

[Event "Titled Tuesday Blitz June 27 Late 2023"]
[White "Waldo Zalapa, Alejandro"]
[Black "Campos, Maria Jose"]
[WhiteFideId "5106109"]
[BlackFideId "146803"]
[WhiteElo "2162"]
[BlackElo "2364"]
[Result "0-1"]
[Round "7"]
[TimeControl "180+2"]
[Date "2023.06.27"]
[WhiteClock "0:00:12"]
[BlackClock "0:00:49"]
[Board "134"]

1. e4 e5 2. Nf3 Nc6 3. d4 exd4 4. Bc4 Nf6 5. e5 d5 6. Bb5 Ne4 7. Nxd4 Bd7 8. Bxc6 bxc6 9. O-O Bc5 10. Be3 Bb6 11. f3 Ng5 12. Qd2 h6 13. c3 O-O 14. b4 Re8 15. Bxg5 hxg5 16. f4 c5 17. bxc5 Bxc5 18. Kh1 Bb6 19. Na3 c5 20. Nf3 gxf4 21. Qxf4 f6 22. Rae1 Qe7 23. Nc2 Bb5 24. Rf2 Bd3 25. e6 Be4 26. Ng5 fxg5 27. Qf7+ Kh8 28. Qh5+ Bh7 29. Rf7 Qxe6 30. Rxe6 Rxe6 31. Qxg5 Bg6 32. Qh4+ Kg8 33. Re7 Rf8 34. h3 Ref6 35. Kh2 Bxc2 36. Qg5 Bg6 37. Qxd5+ Bf7 38. Qg5 Rg6 39. Qe5 c4 40. h4 Bf2 41. h5 Bg3+ 0-1


[Site "https://www.chess.com"]

[Event "Titled Tuesday Blitz June 27 Late 2023"]
[White "campochess"]
[Black "Haitin, Ilja"]
[BlackFideId "4501764"]
[WhiteElo "2159"]
[BlackElo "2360"]
[Result "0-1"]
[Round "7"]
[TimeControl "180+2"]
[Date "2023.06.27"]
[WhiteClock "0:01:19"]
[BlackClock "0:00:20"]
[Board "135"]

1. d4 Nf6 2. Bg5 e6 3. e4 h6 4. Bxf6 Qxf6 5. Nf3 g5 6. h3 Bg7 7. Nc3 O-O 8. Bd3 d6 9. Qd2 Nc6 10. Ne2 e5 11. d5 Nd4 12. Nexd4 exd4 13. Nh2 Qe7 14. O-O c5 15. dxc6 bxc6 16. f4 gxf4 17. Rxf4 Qg5 18. Rf2 Qxd2 19. Rxd2 Rb8 20. b3 f5 21. exf5 Bxf5 22. Rf1 Bxd3 23. Rxd3 Rxf1+ 24. Kxf1 Kf7 25. Nf3 c5 26. Rd2 Ke6 27. Re2+ Kd7 28. Nh4 Rf8+ 29. Rf2 Rxf2+ 30. Kxf2 Kc6 31. Kf3 d5 32. Nf5 Bf8 33. g4 Kb5 34. a3 a5 35. h4 a4 36. g5 hxg5 37. hxg5 axb3 38. cxb3 d3 39. Ke3 c4 40. bxc4+ dxc4 41. g6 Ka4 42. Nd6 Bh6+ 43. Kf3 c3 44. Nc4 Kb3 45. Ne3 c2 46. Nf5 c1=Q 0-1


[Site "https://www.chess.com"]

[Event "Titled Tuesday Blitz June 27 Late 2023"]
[White "Roman, Rodrigo"]
[Black "Ng, Matthew K"]
[WhiteFideId "3701220"]
[BlackFideId "2094371"]
[WhiteElo "2323"]
[BlackElo "2118"]
[Result "1-0"]
[Round "7"]
[TimeControl "180+2"]
[Date "2023.06.27"]
[WhiteClock "0:01:29"]
[BlackClock "0:01:00"]
[Board "136"]

1. e4 c5 2. Nf3 Nc6 3. d4 cxd4 4. Nxd4 e5 5. Nb5 d6 6. N1c3 a6 7. Na3 b5 8. Nd5 Nge7 9. c4 Nxd5 10. exd5 Nd4 11. Bd3 f5 12. Be3 b4 13. Bxd4 bxa3 14. Bc3 axb2 15. Bxb2 Qa5+ 16. Qd2 Qxd2+ 17. Kxd2 Rb8 18. Bc3 Be7 19. Rab1 Bg5+ 20. Kc2 Bb7 21. Bxf5 O-O 22. Be6+ Kh8 23. f3 Be3 24. Rhe1 Bf2 25. Re2 Bc5 26. Kd3 h5 27. Reb2 1-0


[Site "https://www.chess.com"]

[Event "Titled Tuesday Blitz June 27 Late 2023"]
[White "Szente Varga, Fruzsina"]
[Black "Ricaurte Lopez, Juan Carlos"]
[WhiteFideId "712264"]
[BlackFideId "3600327"]
[WhiteElo "2320"]
[BlackElo "2111"]
[Result "1-0"]
[Round "7"]
[TimeControl "180+2"]
[Date "2023.06.27"]
[WhiteClock "0:00:30"]
[BlackClock "0:00:00"]
[Board "137"]

1. e4 e5 2. d4 exd4 3. Qxd4 Nc6 4. Qe3 g6 5. Bd2 Bg7 6. Nc3 Nge7 7. O-O-O O-O 8. h4 d5 9. exd5 Nxd5 10. Qf3 Be6 11. h5 Nxc3 12. Bxc3 Qg5+ 13. Bd2 Qd5 14. Qxd5 Bxd5 15. hxg6 hxg6 16. f3 Rad8 17. a3 Nd4 18. Ne2 Nf5 19. Nf4 Bc6 20. Bd3 Nd4 21. Bc4 b5 22. Nxg6 Rfe8 23. Ba2 Bd5 24. Bxd5 Rxd5 25. Nf4 Rf5 26. Nh5 Bh8 27. Kb1 Re2 28. Bc3 c5 29. Ng3 Rfe5 30. Nxe2 Rxe2 31. g4 Rf2 32. Rdf1 Rg2 33. b4 Bg7 34. Bxd4 Bxd4 35. bxc5 Bxc5 36. Rh5 Bxa3 37. Rxb5 Bd6 38. Ra5 Bb8 39. Kb2 Kg7 40. Kc3 Kf6 41. Kd3 Rh2 42. g5+ Kg7 43. f4 1-0


[Site "https://www.chess.com"]

[Event "Titled Tuesday Blitz June 27 Late 2023"]
[White "Garmendiarov"]
[Black "Bongo Akanga Ndjila, Barthelemy"]
[BlackFideId "10609431"]
[WhiteElo "2303"]
[BlackElo "2080"]
[Result "1-0"]
[Round "7"]
[TimeControl "180+2"]
[Date "2023.06.27"]
[WhiteClock "0:01:39"]
[BlackClock "0:00:00"]
[Board "138"]

1. d4 d5 2. Bf4 Nf6 3. e3 e6 4. Nd2 Be7 5. Ngf3 Nh5 6. Be5 f6 7. Bg3 g6 8. Bd3 Nc6 9. c3 Kf7 10. O-O Nxg3 11. hxg3 Bd6 12. e4 Bd7 13. Qe2 Re8 14. e5 fxe5 15. dxe5 Be7 16. g4 Kg7 17. g3 Rf8 18. Kg2 Rf7 19. Rh1 Qg8 20. Qe3 Kh8 21. Ng5 Bxg5 22. Qxg5 Raf8 23. f4 Ne7 24. Nf3 c5 25. Rh6 c4 26. Bc2 b5 27. Rah1 a5 28. Qh4 b4 29. Ng5 1-0


[Site "https://www.chess.com"]

[Event "Titled Tuesday Blitz June 27 Late 2023"]
[White "Bulgurlu, Okan"]
[Black "Vasquez Garrido, Nuremberg"]
[WhiteFideId "6352316"]
[BlackFideId "4432118"]
[WhiteElo "2293"]
[BlackElo "2064"]
[Result "1-0"]
[Round "7"]
[TimeControl "180+2"]
[Date "2023.06.27"]
[WhiteClock "0:00:23"]
[BlackClock "0:00:33"]
[Board "139"]

1. e4 Nc6 2. Nc3 Nf6 3. g3 d5 4. exd5 Nxd5 5. Bg2 Nxc3 6. bxc3 e5 7. Ne2 Bc5 8. O-O Bg4 9. Rb1 Rb8 10. Rxb7 Ne7 11. Rxb8 Qxb8 12. d4 exd4 13. cxd4 Bb6 14. Ba3 Qd8 15. h3 Be6 16. Nf4 Qxd4 17. Nxe6 fxe6 18. Qh5+ g6 19. Qb5+ Kf7 20. Bb2 Qd8 21. Bxh8 Qxh8 22. Qd7 Qc3 23. Kh2 Kf6 24. Qe8 Qb4 25. Qf8+ Ke5 26. Re1+ Qxe1 27. Qf4# 1-0


[Site "https://www.chess.com"]

[Event "Titled Tuesday Blitz June 27 Late 2023"]
[White "Aqib Javaid Butt"]
[Black "Sarkar, Justin"]
[WhiteFideId "7801262"]
[BlackFideId "2010011"]
[WhiteElo "2025"]
[BlackElo "2277"]
[Result "0-1"]
[Round "7"]
[TimeControl "180+2"]
[Date "2023.06.27"]
[WhiteClock "0:00:05"]
[BlackClock "0:00:03"]
[Board "141"]

1. d4 Nf6 2. Nf3 d5 3. c4 e6 4. e3 g6 5. Nc3 Bg7 6. Bd3 O-O 7. O-O dxc4 8. Bxc4 c5 9. Qe2 cxd4 10. Rd1 Nc6 11. exd4 Nd5 12. Nxd5 exd5 13. Bb5 Bg4 14. Bxc6 bxc6 15. h3 Re8 16. Be3 Bf5 17. Rac1 Qb6 18. Qd2 a5 19. Bh6 Bh8 20. Qc3 Rac8 21. Qd2 a4 22. Bf4 Be4 23. Ne5 Qb7 24. Ng4 h5 25. Ne3 Qd7 26. f3 Bf5 27. Nxf5 Qxf5 28. Be3 Bf6 29. Bf2 Bg5 30. Qc2 Bxc1 31. Qxf5 gxf5 32. Rxc1 Re2 33. b3 Rxa2 34. bxa4 Rxa4 35. Rb1 Rc4 36. Rb7 Re8 37. Kh2 Kg7 38. Bg3 Kg6 39. Be5 f6 40. Bd6 Re2 41. Bf8 f4 42. h4 Rxd4 43. Rg7+ Kf5 44. Rh7 Rdd2 45. Rxh5+ Kg6 46. Rh6+ Kf7 47. Bd6 Rxg2+ 48. Kh3 Rg3# 0-1


[Site "https://www.chess.com"]

[Event "Titled Tuesday Blitz June 27 Late 2023"]
[White "Allam, Yara"]
[Black "Sainz Aguirre, Ignacio"]
[WhiteFideId "10615709"]
[BlackFideId "5101727"]
[WhiteElo "2063"]
[BlackElo "1968"]
[Result "1/2-1/2"]
[Round "7"]
[TimeControl "180+2"]
[Date "2023.06.27"]
[WhiteClock "0:00:21"]
[BlackClock "0:00:37"]
[Board "143"]

1. e4 e6 2. d4 d5 3. Nc3 Bb4 4. e5 c5 5. a3 Bxc3+ 6. bxc3 Qa5 7. Bd2 Qa4 8. Qg4 g6 9. Qd1 c4 10. Nf3 Nc6 11. Ng5 h6 12. Nh3 Bd7 13. Be2 O-O-O 14. O-O f5 15. f4 Nge7 16. Qb1 b6 17. Qb2 Rdg8 18. Qc1 Nd8 19. Bf3 Nf7 20. Kh1 Rg7 21. Be3 Rhg8 22. g3 g5 23. Bg2 g4 24. Nf2 h5 25. Rg1 Rh7 26. Bf1 Ng6 27. Kg2 h4 28. Rh1 Rgh8 29. Be2 h3+ 30. Kf1 Kb7 31. Ke1 Qa5 32. Kd2 Ba4 33. Qb2 b5 34. Qb4 Qxb4 35. axb4 Kb6 36. Nd1 a5 37. Nb2 axb4 38. cxb4 Ra8 39. Ra3 Nd8 40. Rha1 Nc6 41. c3 Rha7 42. Kc1 Nge7 43. Nxa4+ bxa4 44. Kb2 Kb5 45. Bd1 Nc8 46. Bd2 Nb6 47. R1a2 Ra6 48. Bc2 R6a7 49. Bd1 Ra6 50. Bc2 R6a7 51. Bd1 1/2-1/2


[Site "https://www.chess.com"]

[Event "Titled Tuesday Blitz June 27 Late 2023"]
[White "Powell, Paul"]
[Black "Winkels, Marcel"]
[WhiteFideId "2005840"]
[BlackFideId "1003887"]
[WhiteElo "2172"]
[BlackElo "2079"]
[Result "1-0"]
[Round "7"]
[TimeControl "180+2"]
[Date "2023.06.27"]
[WhiteClock "0:00:38"]
[BlackClock "0:00:00"]
[Board "146"]

1. d4 Nf6 2. Nf3 g6 3. Bf4 Bg7 4. e3 O-O 5. Be2 d6 6. O-O Nbd7 7. c4 c5 8. Nc3 b6 9. Re1 Bb7 10. h3 Ne4 11. Rc1 Nxc3 12. Rxc3 Nf6 13. Rc1 a6 14. b3 Ra7 15. d5 Ba8 16. Bd3 Rb7 17. Qe2 Nd7 18. e4 Qb8 19. e5 b5 20. e6 Nf6 21. exf7+ Rxf7 22. Ng5 Rf8 23. Qe6+ Kh8 24. Nf7+ Rxf7 25. Qxf7 Nh5 26. Bg5 Nf6 27. Rxe7 Rxe7 28. Qxe7 Ne8 29. Re1 1-0


[Site "https://www.chess.com"]

[Event "Titled Tuesday Blitz June 27 Late 2023"]
[White "Sargsyan, Shant"]
[Black "Carlsen, Magnus"]
[WhiteFideId "13306766"]
[BlackFideId "1503014"]
[WhiteElo "3022"]
[BlackElo "3294"]
[Result "1-0"]
[Round "8"]
[TimeControl "180+2"]
[Date "2023.06.27"]
[WhiteClock "0:00:37"]
[BlackClock "0:00:10"]
[Board "1"]

1. c4 g6 2. g3 Bg7 3. Bg2 c5 4. Nc3 Nc6 5. d3 d6 6. Qd2 e5 7. b3 Nge7 8. Bb2 Be6 9. Nd5 Qd7 10. h4 h6 11. e3 O-O 12. Ne2 Bg4 13. Nec3 Nxd5 14. Nxd5 Ne7 15. b4 Nxd5 16. Bxd5 Be6 17. Bg2 d5 18. bxc5 dxc4 19. dxc4 Qxd2+ 20. Kxd2 Rac8 21. Ba3 Rfd8+ 22. Kc2 Bf5+ 23. e4 Be6 24. Rhd1 Rd4 25. Rxd4 exd4 26. Kd3 b6 27. Rb1 Bf8 28. Kxd4 Rd8+ 29. Ke3 Bxc4 30. Bf1 Bxa2 31. Ra1 Be6 32. cxb6 Bxa3 33. Rxa3 axb6 34. Ra6 Rb8 35. Bb5 h5 36. Kd4 Kg7 37. Ke5 Rb7 38. f3 Rb8 39. f4 Rb7 40. f5 Bb3 41. f6+ Kh6 42. Ra8 Kh7 43. Kd6 g5 44. Bc6 1-0


[Site "https://www.chess.com"]

[Event "Titled Tuesday Blitz June 27 Late 2023"]
[White "Indjic, Aleksandar"]
[Black "Nakamura, Hikaru"]
[WhiteFideId "911925"]
[BlackFideId "2016192"]
[WhiteElo "2972"]
[BlackElo "3218"]
[Result "1/2-1/2"]
[Round "8"]
[TimeControl "180+2"]
[Date "2023.06.27"]
[WhiteClock "0:00:15"]
[BlackClock "0:01:02"]
[Board "2"]

1. e4 c5 2. Nf3 Nc6 3. Bb5 g6 4. O-O Bg7 5. Bxc6 bxc6 6. Re1 Nh6 7. c3 O-O 8. h3 d5 9. e5 f6 10. d4 cxd4 11. cxd4 Nf7 12. exf6 exf6 13. Nc3 g5 14. b3 Bf5 15. Ba3 Re8 16. Rxe8+ Qxe8 17. Qf1 Be4 18. Re1 f5 19. Bc5 Qd7 20. Nd2 Nd8 21. f3 Ne6 22. fxe4 Nxc5 23. e5 Ne4 24. Ndxe4 fxe4 25. Na4 Rf8 26. Qe2 Qe7 27. Rf1 Rxf1+ 28. Kxf1 c5 29. Nxc5 Bxe5 30. Nxe4 Bxd4 31. Nd2 Qf6+ 32. Nf3 Bb6 33. Qe8+ Kg7 34. Qd7+ Kf8 35. Qxd5 Qa1+ 36. Ke2 Qxa2+ 37. Nd2 h6 38. Kd3 Qa1 39. Qd6+ Kg7 40. Qe7+ Kg6 41. Qe8+ Kg7 42. Qe7+ Kg6 43. Qe6+ Kg7 44. Qe7+ 1/2-1/2


[Site "https://www.chess.com"]

[Event "Titled Tuesday Blitz June 27 Late 2023"]
[White "Pranesh M"]
[Black "Korobov, Anton"]
[WhiteFideId "35028600"]
[BlackFideId "14105730"]
[WhiteElo "3033"]
[BlackElo "2988"]
[Result "0-1"]
[Round "8"]
[TimeControl "180+2"]
[Date "2023.06.27"]
[WhiteClock "0:01:24"]
[BlackClock "0:00:53"]
[Board "4"]

1. e4 c5 2. Nf3 d6 3. d4 cxd4 4. Nxd4 Nf6 5. Nc3 a6 6. Rg1 b5 7. a4 b4 8. Nd5 e6 9. Nxf6+ Qxf6 10. a5 Bb7 11. Be3 Bxe4 12. c3 bxc3 13. bxc3 Nd7 14. f3 Bg6 15. Qa4 Be7 16. Qc6 Rd8 17. Qxa6 O-O 18. Be2 Nc5 19. Qc4 d5 20. Qa2 e5 21. Nb3 d4 22. cxd4 exd4 23. Bd2 Nxb3 24. Qxb3 d3 25. Bc3 Qh4+ 26. g3 Qxh2 27. O-O-O dxe2 28. Rde1 Rd3 29. Qb2 Rc8 30. Rxe2 Rdxc3+ 31. Kd1 Qxg1+ 0-1


[Site "https://www.chess.com"]

[Event "Titled Tuesday Blitz June 27 Late 2023"]
[White "Yoo, Christopher Woojin"]
[Black "Grischuk, Alexander"]
[WhiteFideId "30909694"]
[BlackFideId "4126025"]
[WhiteElo "2985"]
[BlackElo "3027"]
[Result "1-0"]
[Round "8"]
[TimeControl "180+2"]
[Date "2023.06.27"]
[WhiteClock "0:00:07"]
[BlackClock "0:00:04"]
[Board "5"]

1. d4 Nf6 2. Nf3 e6 3. c4 Bb4+ 4. Bd2 Bxd2+ 5. Qxd2 d5 6. Nc3 O-O 7. e3 b6 8. cxd5 Nxd5 9. Nxd5 Qxd5 10. Rc1 Bb7 11. Be2 Qd6 12. Qc3 Rc8 13. O-O Nd7 14. Rfd1 Qe7 15. b4 a5 16. b5 c5 17. bxc6 Bxc6 18. Qb2 h6 19. Rc3 Bd5 20. Rdc1 Rxc3 21. Rxc3 b5 22. Bxb5 Qb4 23. Rc2 Nf6 24. a3 Qd6 25. Ne5 a4 26. Qc1 Bxg2 27. Rc8+ Rxc8 28. Qxc8+ Kh7 29. Nxf7 Qd5 30. Qh8+ Kg6 31. Ne5+ Kh5 32. Be2+ Kh4 33. Qxg7 Nh5 34. Qg4# 1-0


[Site "https://www.chess.com"]

[Event "Titled Tuesday Blitz June 27 Late 2023"]
[White "Martinez Alcantara, Jose Eduardo"]
[Black "Rustemov, Alexander"]
[WhiteFideId "3805662"]
[BlackFideId "4119002"]
[WhiteElo "3021"]
[BlackElo "2894"]
[Result "1-0"]
[Round "8"]
[TimeControl "180+2"]
[Date "2023.06.27"]
[WhiteClock "0:01:15"]
[BlackClock "0:00:33"]
[Board "6"]

1. e4 e6 2. d4 d5 3. Nd2 dxe4 4. Nxe4 Bd7 5. Bd3 Bc6 6. Nf3 Nd7 7. O-O Ngf6 8. Ned2 Be7 9. Re1 O-O 10. c3 b6 11. Nc4 Bb7 12. Bf4 c5 13. Qe2 cxd4 14. Nxd4 Nc5 15. Bc2 Qd5 16. Nf3 Ba6 17. Nfe5 b5 18. Rad1 Qb7 19. Na5 Qb6 20. Nac6 Rfe8 21. Nxe7+ Rxe7 22. Bg5 Rd8 23. Rxd8+ Qxd8 24. Nc6 Qd6 25. Nxe7+ Qxe7 26. Qe3 Bc8 27. b4 Na4 28. Bxa4 bxa4 29. Qc5 Qxc5 30. bxc5 Nd5 31. c4 Nc3 32. Bd2 1-0


[Site "https://www.chess.com"]

[Event "Titled Tuesday Blitz June 27 Late 2023"]
[White "Terry, Renato"]
[Black "Fernandez Guillen, Ernesto J."]
[WhiteFideId "3803457"]
[BlackFideId "3512428"]
[WhiteElo "3013"]
[BlackElo "2724"]
[Result "1-0"]
[Round "8"]
[TimeControl "180+2"]
[Date "2023.06.27"]
[WhiteClock "0:00:35"]
[BlackClock "0:00:00"]
[Board "7"]

1. d4 Nf6 2. Nf3 e6 3. c4 b6 4. g3 Bb7 5. Bg2 Bb4+ 6. Nbd2 O-O 7. O-O d5 8. Ne5 Nbd7 9. Qa4 Bxd2 10. Bxd2 Nxe5 11. dxe5 Nd7 12. cxd5 exd5 13. Bc3 Qe7 14. f4 f6 15. Bh3 Nc5 16. Qa3 f5 17. Bd4 Rae8 18. Bxc5 bxc5 19. Qxa7 Bc6 20. Rfc1 c4 21. Qd4 g5 22. Bg2 gxf4 23. gxf4 Kh8 24. Rc3 Rg8 25. Rg3 Rg7 26. b3 Reg8 27. Qf2 Rxg3 28. hxg3 c3 29. Rc1 Qb4 30. e3 h5 31. Qe1 Rg4 32. Qxc3 Qxc3 33. Rxc3 Bb5 34. Kf2 c6 35. Bf3 Rg7 36. a4 1-0


[Site "https://www.chess.com"]

[Event "Titled Tuesday Blitz June 27 Late 2023"]
[White "Hakobyan, Aram"]
[Black "Dardha, Daniel"]
[WhiteFideId "13306677"]
[BlackFideId "240990"]
[WhiteElo "3020"]
[BlackElo "2900"]
[Result "0-1"]
[Round "8"]
[TimeControl "180+2"]
[Date "2023.06.27"]
[WhiteClock "0:00:02"]
[BlackClock "0:00:07"]
[Board "8"]

1. d4 Nf6 2. c4 c5 3. d5 a6 4. Qc2 b5 5. e4 d6 6. cxb5 g6 7. Nc3 Bg7 8. a4 O-O 9. Nf3 Nbd7 10. Ra3 Ng4 11. Be2 Nge5 12. Nd2 axb5 13. Bxb5 Nb6 14. b3 f5 15. O-O f4 16. f3 g5 17. Nc4 Nbxc4 18. bxc4 Ba6 19. Bxa6 Rxa6 20. Nb5 Qd7 21. Bb2 Nxc4 22. Bxg7 Nxa3 23. Qc3 Nxb5 24. axb5 Raa8 25. Bxf8 Rxf8 26. Rb1 Rb8 27. b6 Qa4 28. h3 Qa2 29. Qc1 c4 30. Kh2 c3 31. Rb4 Qd2 32. Qxd2 cxd2 33. Rd4 Rxb6 34. Rxd2 Kg7 35. Rc2 h5 36. Rc8 Rb2 37. Re8 Kf7 38. Rh8 g4 39. hxg4 hxg4 40. Rh4 gxf3 41. Rxf4+ Kg6 42. Rxf3 Re2 43. Rf4 Kg5 44. Rf5+ Kg4 45. Rf7 Rxe4 46. Rg7+ Kf5 47. Rf7+ Kg6 48. Rf8 Re5 49. Re8 Kf7 50. Rh8 Rxd5 51. g4 Rd3 52. Rh6 d5 53. g5 Re3 54. Kg2 Re5 55. g6+ Kg7 56. Rh3 Kxg6 57. Kf3 Kf5 58. Rh5+ Ke6 59. Rh6+ Kd7 60. Rh4 e6 61. Ra4 Rf5+ 62. Ke3 Kd6 63. Kd4 Rf4+ 0-1


[Site "https://www.chess.com"]

[Event "Titled Tuesday Blitz June 27 Late 2023"]
[White "Mikaelyan, Arman"]
[Black "Salem, A.R. Saleh"]
[WhiteFideId "13304852"]
[BlackFideId "9301348"]
[WhiteElo "2897"]
[BlackElo "2996"]
[Result "1/2-1/2"]
[Round "8"]
[TimeControl "180+2"]
[Date "2023.06.27"]
[WhiteClock "0:00:05"]
[BlackClock "0:00:08"]
[Board "9"]

1. d4 Nf6 2. c4 g6 3. Nc3 Bg7 4. e4 O-O 5. f4 d6 6. Nf3 Na6 7. Bd3 e5 8. fxe5 dxe5 9. d5 Ne8 10. Bg5 f6 11. Bh4 c6 12. O-O Nd6 13. Kh1 Qe7 14. Bf2 c5 15. a3 Bd7 16. Qd2 Rac8 17. Rae1 b6 18. Be3 Nf7 19. Bb1 Nc7 20. Rf2 Ne8 21. Ref1 Ned6 22. b3 Rc7 23. Ne1 Rb8 24. a4 a5 25. h3 Rf8 26. Bc2 Rcc8 27. Nf3 Rce8 28. Nh2 Qd8 29. Ng4 f5 30. exf5 gxf5 31. Bxf5 Nxf5 32. Rxf5 Bxf5 33. Rxf5 e4 34. Ne2 Nd6 35. Rxf8+ Rxf8 36. Ng3 Qh4 37. Kh2 h5 38. Bg5 Qxg3+ 39. Kxg3 e3 40. Qd3 hxg4 41. Kxg4 Rf2 42. Bxe3 Rxg2+ 43. Kf3 Rh2 44. Qg6 Nf7 45. Bf4 Rxh3+ 46. Kg2 Rxb3 47. d6 Rb2+ 48. Kf1 Rb3 49. d7 Rf3+ 50. Ke2 Rxf4 51. Qxf7+ Kxf7 52. d8=Q Re4+ 53. Kf3 Re6 54. Qd7+ Kf6 55. Qd8+ Kg6 56. Qd7 Kf6 57. Qc7 Bf8 58. Qd8+ Be7 59. Qc8 Kf7 60. Qd7 Rd6 61. Qc8 Bd8 62. Ke4 Kf6 63. Ke3 Ke7 64. Ke2 Kf6 65. Qb7 Rd4 66. Qc8 Ke7 67. Qb7+ Kd6 68. Qc8 Bc7 69. Qf8+ Kc6 70. Qf3+ Kd7 71. Qf7+ Kd6 72. Qf8+ Ke6 73. Qe8+ Kd6 74. Qf8+ 1/2-1/2


[Site "https://www.chess.com"]

[Event "Titled Tuesday Blitz June 27 Late 2023"]
[White "Horvath, Dominik"]
[Black "Sanal, Vahap"]
[WhiteFideId "1642561"]
[BlackFideId "6300545"]
[WhiteElo "2896"]
[BlackElo "2976"]
[Result "1-0"]
[Round "8"]
[TimeControl "180+2"]
[Date "2023.06.27"]
[WhiteClock "0:01:05"]
[BlackClock "0:00:09"]
[Board "10"]

1. b3 d5 2. Bb2 Bf5 3. d3 e6 4. e3 Nf6 5. Nd2 h6 6. h3 Be7 7. g4 Bh7 8. Bg2 a5 9. a3 a4 10. b4 Nbd7 11. Ne2 c5 12. bxc5 Nxc5 13. Rb1 O-O 14. Rg1 b5 15. Bh1 Qd7 16. h4 Bxd3 17. cxd3 Nxd3+ 18. Kf1 Nxb2 19. Rxb2 Bxa3 20. Rb1 Rfc8 21. g5 hxg5 22. hxg5 Ne8 23. Ne4 Be7 24. g6 f5 25. N4c3 Nf6 26. Nxb5 a3 27. Nbc3 Bd6 28. Nxd5 Nxd5 29. Bxd5 a2 30. Bxa2 Rxa2 31. Rb6 Rd8 32. Rh1 Qc7 33. Nc3 Qxb6 34. Rh8+ Kxh8 35. Qh5+ Kg8 36. Qh7+ Kf8 37. Qh8+ Ke7 38. Qxg7+ Ke8 39. Qf7# 1-0


[Site "https://www.chess.com"]

[Event "Titled Tuesday Blitz June 27 Late 2023"]
[White "Sjugirov, Sanan"]
[Black "Leitao, Rafael"]
[WhiteFideId "4189302"]
[BlackFideId "2101246"]
[WhiteElo "2949"]
[BlackElo "2803"]
[Result "1-0"]
[Round "8"]
[TimeControl "180+2"]
[Date "2023.06.27"]
[WhiteClock "0:00:02"]
[BlackClock "0:00:04"]
[Board "11"]

1. d4 Nf6 2. c4 g6 3. Nc3 Bg7 4. e4 d6 5. Nf3 O-O 6. Be3 Nbd7 7. h3 e5 8. d5 Nc5 9. Nd2 a5 10. g4 c6 11. Be2 cxd5 12. cxd5 a4 13. a3 Bd7 14. g5 Ne8 15. h4 f5 16. f3 Rc8 17. Qc2 b5 18. Rg1 Qb6 19. h5 gxh5 20. Qb1 b4 21. axb4 Qxb4 22. Qa2 fxe4 23. fxe4 Bg4 24. Qa3 Qb7 25. Bxc5 Rxc5 26. Bxg4 hxg4 27. Rxg4 Nc7 28. Rg3 Nb5 29. Qb4 Qf7 30. Rf3 Qd7 31. Rxf8+ Bxf8 32. Nxb5 Rxb5 33. Qxa4 Qb7 34. Qa6 Rxb2 35. Qxb7 Rxb7 36. Ke2 Be7 37. Nc4 Rd7 38. Ra6 Kf7 39. Kf3 Bxg5 40. Nxd6+ Kg8 41. Nf5 h5 42. Rg6+ 1-0


[Site "https://www.chess.com"]

[Event "Titled Tuesday Blitz June 27 Late 2023"]
[White "Rasulov, Vugar"]
[Black "Makridis, Dimitrios"]
[WhiteFideId "13402390"]
[BlackFideId "25864475"]
[WhiteElo "2933"]
[BlackElo "2747"]
[Result "1-0"]
[Round "8"]
[TimeControl "180+2"]
[Date "2023.06.27"]
[WhiteClock "0:00:34"]
[BlackClock "0:00:01"]
[Board "12"]

1. d4 Nf6 2. c4 e6 3. Nf3 d5 4. g3 dxc4 5. Bg2 Bd7 6. Nbd2 Bb4 7. O-O Bxd2 8. Nxd2 Bc6 9. Bxc6+ Nxc6 10. e3 e5 11. Nxc4 e4 12. f4 O-O 13. Ne5 Ne7 14. Bd2 Nfd5 15. Qc2 f6 16. Nc4 f5 17. Ne5 c6 18. b4 Ng6 19. a4 Nxe5 20. fxe5 h5 21. b5 Rc8 22. bxc6 bxc6 23. Qd1 Qg5 24. Rf2 h4 25. Rg2 h3 26. Rf2 Rb8 27. Rc1 Nxe3 28. Qe2 f4 29. Bxe3 fxe3 30. Rxf8+ Rxf8 31. Rxc6 Rf2 32. Qc4+ Kh7 33. Rc8 Qf5 34. Qg8+ Kh6 35. Rc6+ Kg5 36. Qxg7+ Kh5 37. Rh6# 1-0


[Site "https://www.chess.com"]

[Event "Titled Tuesday Blitz June 27 Late 2023"]
[White "Mihajlov, Sebastian"]
[Black "Antipov, Mikhail Al."]
[WhiteFideId "1512110"]
[BlackFideId "4107012"]
[WhiteElo "2737"]
[BlackElo "2917"]
[Result "1-0"]
[Round "8"]
[TimeControl "180+2"]
[Date "2023.06.27"]
[WhiteClock "0:00:09"]
[BlackClock "0:00:00"]
[Board "13"]

1. e4 e5 2. Nf3 Nc6 3. Bc4 Bc5 4. O-O Nf6 5. d4 Bxd4 6. Nxd4 Nxd4 7. Bg5 h6 8. Bh4 g5 9. f4 d5 10. fxg5 Nxe4 11. Qh5 Bf5 12. gxh6 Qd7 13. Nc3 Qe6 14. Bxd5 Rxh6 15. Bxe6 Rxh5 16. Nxe4 Ne2+ 17. Kh1 1-0


[Site "https://www.chess.com"]